 Dungeon Crawl Stone Soup version 0.29.1-13-g9f3cf754e1 (webtiles) character file.

Game seed: 5528454482215224267

53 shadowmeld the Insei (level 4, -5/32 HPs)
             Began as a Djinni Transmuter on Jan 31, 2023.
             Killed from afar by Sigmund (20 damage)
             ... with a bolt of dispelling energy
             ... on level 3 of the Dungeon.
             The game lasted 00:07:28 (2277 turns).

shadowmeld the Insei (Djinni Transmuter)            Turns: 2277, Time: 00:07:32

Health: -5/32      AC:  2    Str:  9    XL:     4   Next: 10%
Gold:   106        EV: 12    Int: 16    God:
                   SH:  0    Dex: 14

rFire   + + .      SeeInvis .     - Unarmed
rCold   x . .      Faith    .   (no shield)
rNeg    . . .      Spirit   .   a - +0 robe
rPois   ∞          Reflect  .   (no helmet)
rElec   .          Harm     .   (no cloak)
rCorr   .          Rampage  .   (no gloves)
Will    .....                   (boots unavailable)
Stlth   +.........              (no amulet)
HPRegen 0.10/turn               k - ring of wizardry
MPRegen 0.00/turn               (no ring)

@: confused, flying
A: sickness immunity, fire resistance 2, cold vulnerability 1, float, innate
caster, HP casting, extra vitality 1
a: no special abilities


You were on level 3 of the Dungeon.
You visited 1 branch of the dungeon, and saw 3 of its levels.

You collected 106 gold pieces.

Inventory:

Armour
 a - a +0 robe (worn)
 m - a +0 kite shield
Jewellery
 k - a ring of wizardry (left hand)
Scrolls
 c - a scroll of blinking {unknown}
 d - 3 scrolls of immolation {unknown}
 g - a scroll of vulnerability {unknown}
 i - a scroll of fear {unknown}
 j - a scroll of summoning {unknown}
 n - a scroll of identify {unknown}
Potions
 b - a potion of lignification
 e - a potion of cancellation {unknown}
 f - a potion of might {unknown}
 h - 2 potions of curing {unknown}
 l - a potion of resistance {unknown}


   Skills:
 * Level 1.3 Fighting
 * Level 2.7 Dodging
 + Level 3.5 Unarmed Combat
 * Level 2.3 Spellcasting


You couldn't memorise any spells.
You knew the following spells:

 Your Spells              Type           Power      Damage    Failure   Level
a - Beastly Appendage     Tmut           18%        N/A       3%          1
b - Wereblood             Tmut           9%         N/A       4%          2
c - Spider Form           Tmut/Pois      9%         N/A       9%          3
d - Ice Form              Ice/Tmut       9%         N/A       28%         4
e - Sandblast             Erth           18%        2d7       3%          1
Your spell library was empty.

Dungeon Overview and Level Annotations

Branches:
Dungeon (3/15)

Altars:

Shops:
D:1 :

Annotations:
D:3 Sigmund


Innate Abilities, Weirdness & Mutations

You are immune to sickness and miasma.
You are immune to poison.
Your flesh is very heat resistant. (rF++)
You are vulnerable to cold. (rC-)
You float through the air rather than walking.
You learn spells naturally, not from books.
Your magical power is your life essence.
You have superior vitality. (+4 MHP)


Message History

The blast of sand misses Sigmund.
Sigmund zaps a wand.
The bolt of dispelling energy misses you.
Casting: Sandblast (safe; 3% risk of failure)
Confirm with . or Enter, or press ? or * to list all spells.
Aiming: Sandblast (safe; 3% risk of failure)
Press: ? - help, Shift-Dir - straight line, f/p - Sigmund
Aim: Sigmund, wielding a +0 scythe, wearing a +0 robe and carrying a wand of quicksilver (2) (78% to hit)
The blast of sand hits Sigmund.
Sigmund is moderately wounded.
Sigmund hits you from afar with a +0 scythe.
Casting: Sandblast (safe; 3% risk of failure)
Confirm with . or Enter, or press ? or * to list all spells.
Aiming: Sandblast (safe; 3% risk of failure)
Press: ? - help, Shift-Dir - straight line, f/p - Sigmund
Aim: Sigmund, wielding a +0 scythe, wearing a +0 robe and carrying a wand of quicksilver (2) (moderately wounded, 78% to hit)
The blast of sand misses Sigmund.
Sigmund points at you and mumbles some strange words.
You are confused.
Sigmund hits you from afar with a +0 scythe.
You're too confused to cast spells.
Unknown command.
You're too confused to move!
Found a stone staircase leading up.
Sigmund zaps a wand.
The bolt of dispelling energy misses you.
Your magical contamination has completely faded away.
You're too confused to cast spells.
Sorry, you're not good enough to have a special ability.
You're too confused to cast spells.
Sigmund attacks as you move away! Sigmund closely misses you.
Found an Inescapable Atlas.
Sigmund flickers, as though insubstantial.
Sigmund completely misses you. Sigmund hits you with a +0 scythe!
You barely miss Sigmund.
Sigmund is moderately wounded.
Sigmund zaps a wand.
The bolt of dispelling energy hits you!!
Your magical effects are unravelling.
Ouch! That really hurt!
You die...

#####....#..
...........
......... .
#......# ..
#......#
...#......#
.......@..#
........@.##
....#...<..#
< #..#####
.....
.......
.......
.......
.......
.....:.


You could see Sigmund.

Vanquished Creatures
  2 dart slugs
  3 ball pythons (D:2)
  6 bats
  4 endoplasms
  5 giant cockroaches
  A goblin (D:2)
  2 hobgoblins
  7 jackals
  2 quokkas
  2 frilled lizards (D:1)
  4 kobolds
  3 rats
41 creatures vanquished.

Notes
Turn   | Place    | Note
-------+----------+-------------------------------------------
     0 | D:1      | shadowmeld the Djinni Transmuter began the quest for the
                  | Orb.
     0 | D:1      | shadowmeld set off with the following spells memorised:
                  | Beastly Appendage, Wereblood, Spider Form, Ice Form.
     0 | D:1      | Reached XP level 1. HP: 17/17 MP: 0/0
     6 | D:1      | Noticed an imperial myrmidon
     6 | D:1      | Noticed an iguana
     7 | D:1      | Noticed a fire giant
   270 | D:1      | Reached XP level 2. HP: 21/22 MP: 0/0
   291 | D:1      | Found Moung's Book Emporium.
   854 | D:1      | Reached XP level 3. HP: 12/27 MP: 0/0
   854 | D:1      | Learned a level 1 spell: Sandblast
  1031 | D:1      | Found a faded altar of an unknown god.
  1966 | D:2      | Reached XP level 4. HP: 29/32 MP: 0/0
  2267 | D:3      | Noticed Sigmund
  2277 | D:3      | Killed from afar by Sigmund

Illustrated notes

Levels and vault maps discovered:
D:1:      onia_arrival_zoo_common, layout_basic, serial_shops,
          nicolae_diamond_shop, chequers_ecumenical_altar_island, serial_forest,
          infiniplex_forest_clump_C, infiniplex_forest_straight_1,
          infiniplex_forest_lined_2, infiniplex_forest_pool,
          infiniplex_forest_end_3
D:2:      layout_basic
D:3:      layout_basic, lemuel_coloured_pillars_altar,
          gammafunk_ghost_mausoleum, serial_curves, eino_curves_01,
          eino_curves_01, eino_curves_03, uniq_sigmund, uniq_jessica

Skill      XL: |  1  2 |
---------------+-------+-----
Spellcasting   | 2 |  2.3
Fighting       | |  1.3
Dodging        | |  2.7
Unarmed Combat | |  3.5

Action                   |  1- 3 |  4- 6 || total
-------------------------+-------+-------++-------
Melee: Unarmed           |    59 |     1 ||    60
       Headbutt          |    13 |       ||    13
 Cast: Beastly Appendage |    15 |       ||    15
       Sandblast         |    29 |     9 ||    38
Armor: Robe              |    18 |       ||    18
Dodge: Dodged            |    41 |     6 ||    47
